[Event "Early-Titled-Tuesday-Blitz-September-05-2023"]
[Site "Chess.com"]
[Date "2023.09.05"]
[Round "1"]
[White "rdarruda"]
[Black "CarrotsandPizza"]
[Result "1-0"]
[WhiteElo "2592"]
[BlackElo "2230"]
[TimeControl "180+1"]
[EndTime "8:05:58 PDT"]
[Termination "rdarruda won on time"]

1. d4 Nf6 2. Nf3 g6 3. Nc3 Bg7 4. e4 d6 5. Bg5 a6 6. Qd2 b5 7. Bd3 Bb7 8. e5 dxe5 9. dxe5 Nd5 10. Be4 c6 11. O-O-O O-O 12. Nxd5 cxd5 13. Bxd5 Bxd5 14. Qxd5 Qc7 15. Rhe1 Nc6 16. Qd7 Qb6 17. Be3 Qa5 18.
Qxc6 Qxa2 19. Qc3 Rfc8 20. Qa3 Qc4 21. Rd2 b4 22. Qa4 a5 23. Kb1 Rc7 24. Red1 Rac8 25.
Rd8+ Bf8 26. Bh6 Rxd8 27. Rxd8 Qf1+ 28. Ka2 Qc4+ 29. Qb3 Rc8 30. Qxc4 Rxd8 31. Ng5 e6 32. Qc7 1-0

[Event "Early-Titled-Tuesday-Blitz-September-05-2023"]
[Site "Chess.com"]
[Date "2023.09.05"]
[Round "1"]
[White "ferrufino64"]
[Black "ykam78"]
[Result "1-0"]
[WhiteElo "2146"]
[BlackElo "2541"]
[TimeControl "180+1"]
[EndTime "8:05:58 PDT"]
[Termination "ferrufino64 won on time"]

1. e4 e5 2. Nf3 Nc6 3. Bb5 a6 4. Ba4 Nf6 5. O-O b5 6. Bb3 Be7 7. Re1 O-O 8. c3 d5 9. exd5 Nxd5 10. h3 Bb7 11. d3 Nf4 12. Bxf4 exf4 13. d4 Bd6 14.
Nbd2 Ne7 15. Bc2 Ng6 16. Be4 c6 17. a4 Qd7 18. Nb3 Qc7 19. Qd2 Rfe8 20. axb5 axb5 21.
Qc1 Rxa1 22. Qxa1 Ra8 23. Qb1 Bf8 24. h4 Qd6 25. h5 Ne7 26. Bxh7+ Kh8 27. Ne5 Qf6 28.
Nc5 Bc8 29. Be4 1-0

[Event "Early-Titled-Tuesday-Blitz-September-05-2023"]
[Site "Chess.com"]
[Date "2023.09.05"]
[Round "1"]
[White "Karacsonyi_Gellert"]
[Black "jlf287"]
[Result "1-0"]
[WhiteElo "2825"]
[BlackElo "2462"]
[TimeControl "180+1"]
[EndTime "8:06:00 PDT"]
[Termination "Karacsonyi_Gellert won by resignation"]

1. e4 e5 2. Nf3 Nc6 3. Bb5 a6 4. Bxc6 dxc6 5. O-O Bd6 6. d4 exd4 7. Qxd4 f6 8. Be3 Ne7 9. Nbd2 Be6 10. Rfd1 Qd7 11. Nc4 Bxc4 12. Qxc4 O-O-O 13. b4 Rhe8 14. a4 Ng6 15. b5 Qe6 16. Qf1 Qxe4 17. bxa6 bxa6 18.
Qxa6+ Kd7 19. Bc5 Re6 20. Nd4 Re5 21. Bxd6 cxd6 22. Qb7+ Ke8 23. Nxc6 Nf4 24. Nxd8 d5 25. Qxg7 Nh3+ 26. gxh3 Kxd8 27. Qxf6+ Kd7 28. Re1 Qd4 29. Qxe5 1-0

[Event "Early-Titled-Tuesday-Blitz-September-05-2023"]
[Site "Chess.com"]
[Date "2023.09.05"]
[Round "1"]
[White "Harry_Rakkel"]
[Black "effefe"]
[Result "1-0"]
[WhiteElo "2649"]
[BlackElo "2342"]
[TimeControl "180+1"]
[EndTime "8:06:00 PDT"]
[Termination "Harry_Rakkel won on time"]

1. e4 c5 2. Nf3 d6 3. d4 cxd4 4. Nxd4 Nf6 5. Nc3 g6 6. Be3 Bg7 7. f3 O-O 8. Bc4 Nc6 9. Bb3 Bd7 10. h4 Rc8 11. h5 Nxd4 12. Bxd4 e6 13. hxg6 fxg6 14.
Qd2 Qc7 15. O-O-O b5 16. Qe2 b4 17. Nb5 Qb8 18. Nxd6 Qxd6 19. e5 Qc6 20. exf6 Bxf6 21.
Bxf6 Rxf6 22. Rh4 a5 23. Rc4 Qb7 24. Qe5 Rxc4 25. Qxf6 Rc7 26. Rxd7 Rxd7 27. Bxe6+ 1-0

[Event "Early-Titled-Tuesday-Blitz-September-05-2023"]
[Site "Chess.com"]
[Date "2023.09.05"]
[Round "1"]
[White "NowInChess"]
[Black "SashaKuzhilniy"]
[Result "0-1"]
[WhiteElo "2271"]
[BlackElo "2606"]
[TimeControl "180+1"]
[EndTime "8:06:00 PDT"]
[Termination "SashaKuzhilniy won by resignation"]

1. e4 d5 2. exd5 Qxd5 3. Nc3 Qe5+ 4. Qe2 Qxe2+ 5. Ngxe2 Nf6 6. g3 Bd7 7. Bg2 Bc6 8. O-O e6 9. d4 Bxg2 10. Kxg2 Nc6 11.
Bf4 O-O-O 12. Rfd1 Be7 13. a3 Nd5 14. Nxd5 exd5 15.
Ng1 g5 16. Be3 h5 17. h3 f5 18. Nf3 g4 19. Ng5 Bxg5 20. Bxg5 Rde8 21. c3 Re2 22. Rd2 Rhe8 23. Rad1 Na5 24. hxg4 hxg4 25. Rxe2 Rxe2 26. Rd2 Rxd2 27. Bxd2 Kd7 28. f3 Kc6 29. fxg4 fxg4 30. Kf2 Kb5 31. Ke3 Nc4+ 32. Kd3 Nxb2+ 33. Ke2 Nc4 34.
Bc1 Ka4 35. Kd3 Kb3 36. Bf4 c6 37. Bc1 a5 38. Bf4 Nxa3 39. Bc1 Nc4 40. Bf4 a4 0-1

[Event "Early-Titled-Tuesday-Blitz-September-05-2023"]
[Site "Chess.com"]
[Date "2023.09.05"]
[Round "1"]
[White "bescmelasti"]
[Black "KejJaj"]
[Result "1-0"]
[WhiteElo "2590"]
[BlackElo "2209"]
[TimeControl "180+1"]
[EndTime "8:06:00 PDT"]
[Termination "bescmelasti won by checkmate"]

1. e4 c5 2. Nf3 d6 3. d4 cxd4 4. Nxd4 Nf6 5. Nc3 g6 6. f3 Bg7 7.
Be3 Nc6 8. Qd2 O-O 9. O-O-O d5 10. exd5 Nxd5 11. Nxc6 bxc6 12. Bd4 Bxd4 13. Qxd4 Qb6 14.
Na4 Qc7 15. h4 Be6 16. Nc5 Nf4 17. Na6 Qa5 18. Qxf4 Qxa2 19. Nc5 Qa1+ 20. Kd2 Rfd8+ 21. Bd3 Qa5+ 22. b4 Qb6 23. h5 Bf5 24. hxg6 Bxg6 25. Ke2 Rxd3 26. Rxd3 a5 27. Ra1 a4 28. Rxa4 Rxa4 29. Nxa4 Qb5 30. Nc5 Kg7 31. Qe5+ Kh6 32. Qxe7 Qxb4 33. Qf8+ Kh5 34. g4+ Kh4 35. Qh6+ Kg3 36.
f4+ Kxg4 37. Qg5# 1-0

[Event "Early-Titled-Tuesday-Blitz-September-05-2023"]
[Site "Chess.com"]
[Date "2023.09.05"]
[Round "1"]
[White "Bilan_Danila"]
[Black "Sibelephant"]
[Result "0-1"]
[WhiteElo "2549"]
[BlackElo "3130"]
[TimeControl "180+1"]
[EndTime "8:06:01 PDT"]
[Termination "Sibelephant won by resignation"]

1. d4 Nf6 2. Nf3 g6 3. Bg5 Bg7 4. c3 O-O 5. Nbd2 d5 6. e3 Nbd7 7. Bd3 Re8 8. O-O e5 9. dxe5 Nxe5 10. Nxe5 Rxe5 11. Nf3 Re8 12. h3 c6 13. Qc2 Qb6 14.
Rad1 Ne4 15. Bf4 Nc5 16. Nd4 Nxd3 17. Rxd3 c5 18. Qa4 Re4 19. f3 Re7 20. Ne2 Qxb2 21. Rf2 Bd7 22. Qb3 Qxb3 23. axb3 c4 24. bxc4 dxc4 25. Rd1 Ba4 26. Ra1 Bb3 27. Nd4 a5 28.
Bd6 Rxe3 0-1

[Event "Early-Titled-Tuesday-Blitz-September-05-2023"]
[Site "Chess.com"]
[Date "2023.09.05"]
[Round "1"]
[White "chessculator16"]
[Black "Agoking701"]
[Result "1-0"]
[WhiteElo "2205"]
[BlackElo "2565"]
[TimeControl "180+1"]
[EndTime "8:06:01 PDT"]
[Termination "chessculator16 won on time"]

1. d4 d5 2. Nf3 Bf5 3. c4 e6 4. Nc3 Nf6 5. cxd5 exd5 6. Qb3 Nc6 7. a3 Na5 8. Qa4+ c6 9. Bg5 Nc4 10. e4 Nb6 11. Qc2 dxe4 12. Bxf6 Qxf6 13. Nxe4 Qe6 14. Ng5 Qe7 15. O-O-O h6 16. Re1 O-O-O 17. Nd6+ Qxd6 18. Qxf5+ Qd7 19. Qxd7+ Rxd7 20. Nf3 Be7 21. g3 Kd8 22.
Ne5 Bf6 23. Nxd7 Kxd7 24. Bh3+ Kd6 25. Rd1 Nd5 26. Rhe1 Rd8 27. f4 g6 28. Bg2 Nc7 29.
Kc2 Ne6 30. d5 Nd4+ 31. Kb1 cxd5 32. g4 Rc8 33. g5 hxg5 34. fxg5 Be5 35. h4 Rh8 36.
Rf1 1-0

[Event "Early-Titled-Tuesday-Blitz-September-05-2023"]
[Site "Chess.com"]
[Date "2023.09.05"]
[Round "1"]
[White "jeetjain"]
[Black "stepanosinovsky"]
[Result "1-0"]
[WhiteElo "2615"]
[BlackElo "2290"]
[TimeControl "180+1"]
[EndTime "8:06:05 PDT"]
[Termination "jeetjain won on time"]

1. d4 Nf6 2. Nc3 g6 3. e4 d6 4. Nf3 Bg4 5. h3 Bxf3 6. Qxf3 Bg7 7. Bg5 Nbd7 8. Bc4 h6 9. Bh4 c6 10. O-O O-O 11. Rfe1 Qb6 12. e5 Qxd4 13. exf6 Nxf6 14. Bxf6 exf6 15. Bb3 d5 16. Re7 b5 17. Rd1 Qc5 18.
Rde1 f5 19. Nd1 Bf6 20. R7e2 Qb4 21. c3 Qd6 22. Bc2 a5 23. Ne3 h5 24. Nxf5 gxf5 25.
Qxf5 Rfd8 26. Qh7+ Kf8 27. Qh6+ Bg7 28. Re8+ Rxe8 29.
Qxd6+ Kg8 30. Rxe8+ Rxe8 31. Kf1 1-0

[Event "Early-Titled-Tuesday-Blitz-September-05-2023"]
[Site "Chess.com"]
[Date "2023.09.05"]
[Round "1"]
[White "Rurep26"]
[Black "HajiyevKanan"]
[Result "1/2-1/2"]
[WhiteElo "2808"]
[BlackElo "2459"]
[TimeControl "180+1"]
[EndTime "8:06:06 PDT"]
[Termination "Game drawn by repetition"]

1. d4 Nf6 2. Bf4 e6 3. e3 Be7 4. Nd2 O-O 5. Bd3 b6 6. Ngf3 Ba6 7. Bxa6 Nxa6 8. O-O c5 9. c4 d5 10. Qa4 Nc7 11.
Ne5 Qe8 12. Qc6 Rc8 13. Rfc1 Nh5 14. Bg3 Nxg3 15. hxg3 f6 16. Qxe8 Rfxe8 17. Nc6 a6 18. Nb3 cxd4 19. exd4 dxc4 20. Rxc4 Nd5 21. Rac1 Rc7 22.
Nd2 Kf8 23. Nxe7 Rexe7 24. Ne4 Rxc4 25. Rxc4 Rc7 26. Rxc7 Nxc7 27. Nc3 Ke7 28. Kf1 Kd6 29. Ke2 Nd5 30. Ne4+ Kc6 31. a3 Nc7 32. Kd3 Kd5 33.
Nc3+ Kc6 34. Ne2 Nd5 35. Nc1 Kb5 36. Nb3 Ne7 37. Nd2 Nd5 38. Nc4 Kc6 39. Nd2 Kb5 40. Ne4 Kc6 41. Nd2 Kb5 1/2-1/2

[Event "Early-Titled-Tuesday-Blitz-September-05-2023"]
[Site "Chess.com"]
[Date "2023.09.05"]
[Round "1"]
[White "ExtremeLearner"]
[Black "Rutricks"]
[Result "1-0"]
[WhiteElo "2381"]
[BlackElo "2649"]
[TimeControl "180+1"]
[EndTime "8:06:06 PDT"]
[Termination "ExtremeLearner won by resignation"]

1. Nf3 g6 2. g3 Bg7 3. Bg2 Nf6 4. O-O O-O 5. d4 d6 6. c4 Nbd7 7. Nc3 c5 8. d5 Rb8 9. e4 a6 10. a4 b6 11. Re1 Ne8 12. Bf4 f6 13. h4 Nc7 14. Qd2 b5 15. axb5 axb5 16. Bh6 bxc4 17. Bxg7 Kxg7 18. h5 Ne5 19. Nxe5 fxe5 20. f4 exf4 21.
gxf4 Ne8 22. e5 Bf5 23. Be4 Qc8 24. e6 Nf6 25. Bxf5 gxf5 26. Re3 Kh8 27. Kh1 Qe8 28. Rh3 Rg8 29. Qc2 Nxh5 30. Ne2 Qg6 31. Rg1 Qh6 32. Qc3+ Rg7 33. Rxg7 Rb3 34. Rg5+ Rxc3 35. bxc3 Ng3+ 36. Rxg3 Qf8 37. Rh5 Qa8 38. Rxf5 h6 39. Kh2 Qa2 40.
Rg2 Qb1 41. Rf8+ Kh7 42. Rf7+ Kh8 43. f5 Qxf5 44. Rxf5 1-0

[Event "Early-Titled-Tuesday-Blitz-September-05-2023"]
[Site "Chess.com"]
[Date "2023.09.05"]
[Round "1"]
[White "Lady_Nika"]
[Black "hansen"]
[Result "0-1"]
[WhiteElo "2482"]
[BlackElo "2875"]
[TimeControl "180+1"]
[EndTime "8:06:07 PDT"]
[Termination "hansen won by resignation"]

1. e4 e5 2. Nf3 Nc6 3. Bb5 a6 4.
Bxc6 dxc6 5. O-O Qd6 6. d4 exd4 7. e5 Qd5 8. Qxd4 Qxd4 9. Nxd4 c5 10. Nb3 Bf5 11. Na3 O-O-O 12. Be3 b6 13. Rad1 Rxd1 14.
Rxd1 Ne7 15. f3 Nc6 16. g4 Be6 17. Bf4 Be7 18. c3 h5 19. h3 Kb7 20. Kg2 a5 21. Nc2 a4 22. Nc1 Na5 23. Ne3 g6 24. Bg3 Kc6 25. f4 Nc4 26. Nxc4 Bxc4 27. f5 gxf5 28.
gxf5 Rg8 29. Kf2 Rg5 30. f6 Rf5+ 31. Ke3 Bf8 32. Nd3 Rg5 33. Bf4 Rg2 34. Nf2 Bd5 35.
b3 b5 36. bxa4 bxa4 37. c4 Bxc4 38. Rd8 Rg8 39. a3 Be6 40. Ne4 c4 41. Ng5 Bc5+ 42.
Ke4 Rxd8 43. Nxe6 fxe6 44. Bh6 c3 45. Kf3 c2 46. Kg3 0-1

[Event "Early-Titled-Tuesday-Blitz-September-05-2023"]
[Site "Chess.com"]
[Date "2023.09.05"]
[Round "1"]
[White "biostatistician"]
[Black "inagreV"]
[Result "1-0"]
[WhiteElo "2600"]
[BlackElo "2253"]
[TimeControl "180+1"]
[EndTime "8:06:07 PDT"]
[Termination "biostatistician won by resignation"]

1. d4 Nf6 2. Nf3 d5 3. c4 e6 4. Bg5 Nbd7 5. e3 c6 6. Nc3 Qa5 7. Nd2 dxc4 8. Bxf6 Nxf6 9. Nxc4 Qc7 10. Bd3 Be7 11.
O-O O-O 12. Qc2 Rd8 13. Ne4 g6 14. Rac1 Bd7 15. Ne5 Be8 16. a3 Nxe4 17. Bxe4 Bd6 18. f4 Rac8 19. b4 a6 20. Nd3 Bf8 21. Bf3 Qb6 22. Nc5 Bg7 23. Rfd1 Qc7 24. Qc4 a5 25. bxa5 Ra8 26. a6 b6 27. Nb7 Rdc8 28. a4 Qe7 29. Qd3 Ra7 30. Rb1 Qc7 31. Be2 c5 32. dxc5 bxc5 33. Nd6 Bxa4 34. Nxc8 Bxd1 35. Nxa7 Bxe2 36. Qxe2 Qxa7 37. Qb5 Bf8 38. Qb7 1-0

[Event "Early-Titled-Tuesday-Blitz-September-05-2023"]
[Site "Chess.com"]
[Date "2023.09.05"]
[Round "1"]
[White "zverr1"]
[Black "tptagain"]
[Result "0-1"]
[WhiteElo "2488"]
[BlackElo "2903"]
[TimeControl "180+1"]
[EndTime "8:06:08 PDT"]
[Termination "tptagain won by resignation"]

1. d4 d5 2. c4 e6 3. Nf3 c6 4. e3 Nd7 5. Nbd2 f5 6. b3 Ngf6 7. Bb2 Bd6 8. g3 a5 9. Qc2 O-O 10. Bg2 Ne4 11. O-O a4 12. Ne1 a3 13. Bc3 b6 14. f3 Nxc3 15. Qxc3 Qe7 16. e4 f4 17. e5 Bb4 18. Qd3 c5 19. Nc2 Bxd2 20. Qxd2 dxc4 21.
bxc4 Ba6 22. Nxa3 cxd4 23. Qxd4 Qxa3 24. Qxd7 Bxc4 25. Rfc1 Bd5 26. Rc7 Qe3+ 27. Kh1 Qxe5 28. Rf1 fxg3 29. f4 Bxg2+ 30. Kxg2 Rxa2+ 31. Kxg3 Qe3+ 32. Rf3 Qg1+ 33. Kh4 Rxh2+ 34. Rh3 Rxf4+ 0-1

[Event "Early-Titled-Tuesday-Blitz-September-05-2023"]
[Site "Chess.com"]
[Date "2023.09.05"]
[Round "1"]
[White "Chemim21"]
[Black "Orest_Vovk"]
[Result "0-1"]
[WhiteElo "2279"]
[BlackElo "2610"]
[TimeControl "180+1"]
[EndTime "8:06:08 PDT"]
[Termination "Orest_Vovk won on time"]

1. d4 g6 2. e4 Nf6 3. Nc3 d5 4. e5 Ne4 5. Bd3 Nxc3 6. bxc3 c5 7. f4 Nc6 8. Nf3 Qa5 9. Bd2 c4 10. Be2 Bf5 11. O-O Qa4 12. Qb1 O-O-O 13. Bd1 h6 14. Qb2 e6 15. Rb1 Rd7 16. Nh4 Be4 17. Bf3 Bxc2 18.
Rbc1 Bd3 19. Rfe1 Ba3 20. Qa1 Bxc1 21. Qxc1 Qxa2 22. Be2 Na5 23. Bxd3 Nb3 24. Qc2 Qxc2 25. Bxc2 Nxd2 26. Ra1 Kb8 27. g4 g5 28. fxg5 hxg5 29. Ng2 Nf3+ 30. Kf2 Nxh2 31. Kg3 Rh4 32. Bd1 Nf1+ 33. Kf2 Nd2 34. Ke3 Ne4 35. Bf3 Nxc3 0-1

[Event "Early-Titled-Tuesday-Blitz-September-05-2023"]
[Site "Chess.com"]
[Date "2023.09.05"]
[Round "1"]
[White "Barbus89"]
[Black "Bigfish1995"]
[Result "0-1"]
[WhiteElo "2544"]
[BlackElo "3100"]
[TimeControl "180+1"]
[EndTime "8:06:09 PDT"]
[Termination "Bigfish1995 won on time"]

1. Nf3 a6 2. g3 Ra7 3. Bg2 Ra8 4.
O-O Ra7 5. d3 Ra8 6. c4 e6 7.
Nc3 c5 8. e4 Nc6 9. Be3 Nf6 10.
d4 cxd4 11. Nxd4 Qc7 12. Rc1 Be7 13. f4 O-O 14. e5 Ne8 15. Nxc6 bxc6 16. Ne4 Rb8 17.
b3 c5 18. Qd2 Bb7 19. Rfd1 Rd8 20. Qf2 Rc8 21. Nd6 Bxd6 22. exd6 Nxd6 23. Qd2 Nf5 24.
Bxb7 Qxb7 25. Bf2 Rfd8 26. g4 Nh6 27. h3 f5 28. Qe2 Rf8 29. g5 Nf7 30. h4 Rfe8 31. Qd3 d6 32. Re1 g6 33. Rcd1 e5 34. Qd2 a5 35. h5 Ra8 36. hxg6 hxg6 37. Kh2 Qf3 38. Bg3 Kg7 0-1

[Event "Early-Titled-Tuesday-Blitz-September-05-2023"]
[Site "Chess.com"]
[Date "2023.09.05"]
[Round "1"]
[White "francyIM"]
[Black "AquivaRubinstein"]
[Result "1-0"]
[WhiteElo "2844"]
[BlackElo "2468"]
[TimeControl "180+1"]
[EndTime "8:06:09 PDT"]
[Termination "francyIM won on time"]

1. Nf3 Nf6 2. b3 c5 3. Bb2 b6 4. d3 Bb7 5. Nbd2 e6 6. g3 Be7 7. Bg2 O-O 8. O-O d6 9. e3 Nbd7 10. Qe2 e5 11. c4 a5 12. a3 a4 13. b4 cxb4 14. axb4 d5 15. Nxe5 Nxe5 16. Bxe5 Bxb4 17. Rfb1 Be7 18. Bd4 Ra6 19. cxd5 Bxd5 20. Bxd5 Nxd5 21. Nc4 Bf6 22. Qb2 b5 23. Qxb5 Bxd4 24.
Qxa6 Bxa1 25. Rxa1 Nc3 26. Nb2 Qf6 27. Qxf6 gxf6 28.
Ra3 Rb8 29. Nxa4 Nb1 30. Ra2 Rb4 31. Rb2 Rxa4 32. Rb8+ Kg7 33. Rxb1 h5 34. h3 Kg6 35.
Kg2 Ra2 36. Rb5 Rc2 37. d4 Ra2 38. Kf3 Rd2 39. Rc5 Ra2 40. e4 Rb2 41. Ke3 Ra2 42. h4 Rb2 43. f3 Ra2 44. Rc3 Rb2 45. d5 Ra2 46. d6 Ra8 47. d7 Rd8 48. Rd3 f5 49.
Rd6+ Kg7 50. exf5 Kf8 51. f6 1-0

[Event "Early-Titled-Tuesday-Blitz-September-05-2023"]
[Site "Chess.com"]
[Date "2023.09.05"]
[Round "1"]
[White "Durarbayli"]
[Black "Cambek64"]
[Result "1-0"]
[WhiteElo "2898"]
[BlackElo "2487"]
[TimeControl "180+1"]
[EndTime "8:06:10 PDT"]
[Termination "Durarbayli won by checkmate"]

1. e4 e6 2. d4 d5 3. e5 c5 4.
c3 Nc6 5. Nf3 Bd7 6. Be2 Rc8 7.
O-O Nge7 8. Na3 cxd4 9. cxd4 Nf5 10. Nc2 Qb6 11. Kh1 h5 12. Bd3 g6 13. Bg5 Be7 14.
Bxe7 Ncxe7 15. Qd2 Bb5 16. Bxb5+ Qxb5 17. Rfc1 Qb6 18.
h3 Kf8 19. Qg5 Qd8 20. Qf6 Kg8 21. Ng5 Qe8 22. Ne3 Nxd4 23. Rxc8 Nxc8 24. Rc1 Nc6 25. b4 a6 26. a4 Nb6 27. b5 Nd7 28. Qxf7+ Qxf7 29.
Nxf7 Kxf7 30. bxc6 Rc8 31. Rb1 bxc6 32. Rb7 Ke8 33. f4 c5 34. g4 c4 35. f5 Nxe5 36. fxe6 d4 37. Nd5 Nc6 38. Nf6+ Kd8 39. Rd7# 1-0

[Event "Early-Titled-Tuesday-Blitz-September-05-2023"]
[Site "Chess.com"]
[Date "2023.09.05"]
[Round "1"]
[White "LileKoridze"]
[Black "CheckThis4"]
[Result "0-1"]
[WhiteElo "2364"]
[BlackElo "2662"]
[TimeControl "180+1"]
[EndTime "8:06:10 PDT"]
[Termination "CheckThis4 won by resignation"]

1. d4 Nf6 2. c4 e5 3. dxe5 Ng4 4. Bf4 Bb4+ 5. Nd2 d6 6. exd6 Qf6 7. e3 g5 8. Bg3 h5 9. dxc7 Nc6 10. h3 h4 11.
hxg4 hxg3 12. Rxh8+ Qxh8 13. Nh3 Qxb2 14. Ke2 Bxg4+ 15.
f3 Bxh3 16. gxh3 Bxd2 17. Rb1 Qxa2 18. Ra1 Qb2 19. Rb1 Qa2 20. Ra1 Qxc4+ 21. Kxd2 Qd5+ 22. Ke1 Qxd1+ 23. Rxd1 Rc8 24. Rd5 f6 25. Bb5 Rxc7 26. Kf1 Ke7 27. Kg2 a6 28. Bxc6 Rxc6 29. Kxg3 b5 30.
e4 b4 31. h4 gxh4+ 32. Kxh4 b3 33. Rd3 Rb6 34. Rd1 b2 35. Rb1 a5 36. Kg4 a4 37. f4 a3 0-1

[Event "Early-Titled-Tuesday-Blitz-September-05-2023"]
[Site "Chess.com"]
[Date "2023.09.05"]
[Round "1"]
[White "krstulov_alex"]
[Black "vedantgoswami"]
[Result "1-0"]
[WhiteElo "2624"]
[BlackElo "2301"]
[TimeControl "180+1"]
[EndTime "8:06:13 PDT"]
[Termination "krstulov_alex won by resignation"]

1. d4 Nf6 2. Nf3 e6 3. Bf4 d5 4. e3 Bd6 5. Bg3 c5 6. Nbd2 Qc7 7. dxc5 Qxc5 8. c4 Nc6 9. Rc1 Bxg3 10. hxg3 Bd7 11.
cxd5 Qxd5 12. Bc4 Qa5 13. a3 Rd8 14. Qc2 h6 15. Rh4 Ne5 16. Nxe5 Qxe5 17. Nf3 Qa5+ 18.
Kf1 Bb5 19. Kg1 Bxc4 20. Rxc4 O-O 21. g4 Rd5 22. e4 Rd7 23. g5 hxg5 24. e5 Nh7 25. g3 g4 26. Rxg4 Rfd8 27. Kg2 g6 28.
Rh1 Kg7 29. Qc1 Rh8 30. Qh6+ Kg8 31. Qh3 Qd5 32. Rh4 f5 33. exf6 g5 34. Rh5 Rf7 35.
Rxg5+ 1-0

[Event "Early-Titled-Tuesday-Blitz-September-05-2023"]
[Site "Chess.com"]
[Date "2023.09.05"]
[Round "1"]
[White "GeorgiosSouleidis"]
[Black "Hikaru"]
[Result "0-1"]
[WhiteElo "2551"]
[BlackElo "3269"]
[TimeControl "180+1"]
[EndTime "8:06:14 PDT"]
[Termination "Hikaru won on time"]

1. e4 a6 2. d4 e6 3. Nf3 d5 4. Nc3 Nf6 5. Bd3 c5 6. exd5 cxd4 7.
Nxd4 Nxd5 8. Nxd5 Qxd5 9. O-O Bd7 10. c3 Nc6 11. Be3 Nxd4 12. Bxd4 Bc6 13. f3 O-O-O 14. Be4 Qd7 15. Bxc6 Qxc6 16. Qe2 f6 17. Rfd1 e5 18. Bf2 Be7 19. Rxd8+ Bxd8 20. Rd1 Bc7 21. c4 f5 22. b4 e4 23. fxe4 Re8 24. b5 Qxe4 25. Qh5 Rd8 26. bxa6 Rxd1+ 27. Qxd1 bxa6 28. c5 g5 29. Qb3 f4 30. Qg8+ Kb7 31. Qb3+ Kc6 32. h3 h5 0-1

[Event "Early-Titled-Tuesday-Blitz-September-05-2023"]
[Site "Chess.com"]
[Date "2023.09.05"]
[Round "1"]
[White "DarZay"]
[Black "Semetey"]
[Result "0-1"]
[WhiteElo "2266"]
[BlackElo "2603"]
[TimeControl "180+1"]
[EndTime "8:06:14 PDT"]
[Termination "Semetey won by resignation"]

1. e4 g6 2. d4 Bg7 3. Nf3 d6 4. c4 Bg4 5. Be2 Bxf3 6. Bxf3 Nc6 7. Be3 e5 8. d5 Nd4 9. Bxd4 exd4 10. Nd2 Ne7 11. Nb3 c5 12. dxc6 bxc6 13. Nxd4 Qa5+ 14. Kf1 Qc5 15. Nb3 Qxc4+ 16. Kg1 Bxb2 17. Rb1 Be5 18. Nd2 Qxa2 19. Be2 O-O 20. Bc4 Qa5 21. h4 d5 22.
exd5 cxd5 23. Rb5 Qc7 24. Bd3 Rab8 25. Rxb8 Rxb8 26. h5 Bd4 27. hxg6 hxg6 28. Qg4 Qc5 29. Qh4 Rb2 30. Qh7+ Kf8 31. Qh6+ Bg7 32. Qf4 Qc1+ 33. Bf1 Qxd2 34. Qf3 Bd4 0-1

[Event "Early-Titled-Tuesday-Blitz-September-05-2023"]
[Site "Chess.com"]
[Date "2023.09.05"]
[Round "1"]
[White "EvilMorty23"]
[Black "DopplerCharlotteDeWitte"]
[Result "0-1"]
[WhiteElo "2410"]
[BlackElo "2721"]
[TimeControl "180+1"]
[EndTime "8:06:15 PDT"]
[Termination "DopplerCharlotteDeWitte won on time"]

1. e4 c5 2. Nf3 e6 3. c3 d5 4. e5 d4 5. Bd3 Bd7 6. O-O Bc6 7. Re1 g5 8. h3 h5 9. g4 hxg4 10.
hxg4 Nd7 11. b4 Qc7 12. Be4 d3 13. b5 Bxe4 14. Rxe4 c4 15. Na3 Nb6 16. Kg2 O-O-O 17.
Rb1 f5 18. exf6 Nxf6 19. Rxe6 Nxg4 20. Qg1 Nd5 21. Re4 Bxa3 22. Rxg4 Nf4+ 23. Kf1 Bxc1 0-1

[Event "Early-Titled-Tuesday-Blitz-September-05-2023"]
[Site "Chess.com"]
[Date "2023.09.05"]
[Round "1"]
[White "ErikRonka"]
[Black "Fandorine"]
[Result "0-1"]
[WhiteElo "2503"]
[BlackElo "2932"]
[TimeControl "180+1"]
[EndTime "8:06:16 PDT"]
[Termination "Fandorine won by resignation"]

1. e4 c5 2. Nf3 e6 3. d4 cxd4 4.
Nxd4 Nc6 5. Nc3 Qc7 6. Be3 a6 7. Qd2 Be7 8. O-O-O Nf6 9. f3 b5 10. Nxc6 dxc6 11. g4 e5 12. Qf2 O-O 13. h4 a5 14.
g5 Nh5 15. Bb6 Qb7 16. Bc5 Be6 17. Bh3 Bxh3 18. Rxh3 Nf4 19. Rhh1 a4 20. Bxe7 Qxe7 21.
Ne2 Ne6 22. Qe3 b4 23. Rd2 f6 24. Rg1 fxg5 25. hxg5 c5 26. Rd5 Nd4 27. Nxd4 cxd4 28. Qd3 a3 29. b3 Rac8 30. Rg4 Rc3 31. Qb5 Qc7 32. Rg2 Rcxf3 33. Rxe5 Rf1+ 34. Kd2 Qc3+ 0-1

[Event "Early-Titled-Tuesday-Blitz-September-05-2023"]
[Site "Chess.com"]
[Date "2023.09.05"]
[Round "1"]
[White "yuki_chess123"]
[Black "ChainedDowntohell"]
[Result "0-1"]
[WhiteElo "2108"]
[BlackElo "2568"]
[TimeControl "180+1"]
[EndTime "8:06:16 PDT"]
[Termination "ChainedDowntohell won by resignation"]

1. Nf3 b6 2. g3 Bb7 3. Bg2 Nf6 4. O-O g6 5. d3 Bg7 6. e4 d6 7. a4 a6 8. Ng5 O-O 9. f4 Nfd7 10. f5 c5 11. fxg6 hxg6 12. Qg4 Nf6 13. Qh4 Re8 14. e5 Bxg2 15. exf6 exf6 16. Qh7+ Kf8 17. Kxg2 fxg5 18. Qxg6 Re2+ 19. Kh1 Qe7 20. Bxg5 Qb7+ 21. Qe4 Rxe4 22. dxe4 Qxe4+ 23. Kg1 Bd4+ 0-1

[Event "Early-Titled-Tuesday-Blitz-September-05-2023"]
[Site "Chess.com"]
[Date "2023.09.05"]
[Round "1"]
[White "smilingice"]
[Black "viktorskliarov"]
[Result "1-0"]
[WhiteElo "2414"]
[BlackElo "2671"]
[TimeControl "180+1"]
[EndTime "8:06:19 PDT"]
[Termination "smilingice won by resignation"]

1. e4 c5 2. Nf3 Nc6 3. Bb5 e6 4. O-O Nge7 5. Re1 Nd4 6. Bf1 Nec6 7. c3 Nxf3+ 8. Qxf3 Be7 9. d3 O-O 10. Nd2 b6 11. e5 Bb7 12. Qg3 d6 13. Nf3 dxe5 14.
Nxe5 Nxe5 15. Qxe5 Bd6 16. Qh5 Qf6 17. Bg5 Qg6 18.
Qxg6 hxg6 19. a4 Rfe8 20. a5 f6 21. Be3 Kf7 22. d4 Rh8 23. h3 g5 24. dxc5 Bxc5 25.
Bxc5 bxc5 26. a6 Bd5 27. c4 Bc6 28. Ra5 Rhc8 29. Rxc5 Be8 30. Rxc8 Rxc8 31. b4 e5 32. b5 Ke7 33. Rb1 Kd6 34. b6 axb6 35. Rxb6+ Kc5 36. Rb7 Ra8 37. a7 Bc6 38. Rxg7 Kb6 39. g3 Rxa7 40.
c5+ 1-0

[Event "Early-Titled-Tuesday-Blitz-September-05-2023"]
[Site "Chess.com"]
[Date "2023.09.05"]
[Round "1"]
[White "Agibileg"]
[Black "AsaHoffmann"]
[Result "1-0"]
[WhiteElo "2653"]
[BlackElo "2347"]
[TimeControl "180+1"]
[EndTime "8:06:19 PDT"]
[Termination "Agibileg won by resignation"]

1. d4 Nf6 2. c4 c5 3. d5 e5 4. Nc3 d6 5. e4 Be7 6. Nf3 Nbd7 7. Be2 Nf8 8. O-O Ng6 9. Re1 O-O 10.
a3 Nh5 11. b4 b6 12. Bf1 Nhf4 13. g3 Nh5 14. Rb1 f5 15. Bd3 f4 16. Be2 Bg4 17.
Nd2 fxg3 18. hxg3 Bxe2 19. Qxe2 Nf6 20. Nf1 Qd7 21. Kg2 h6 22. Ne3 Nh7 23. Nf5 Rxf5 24. exf5 Qxf5 25. Qe4 Qf7 26. Qg4 Rf8 27. Qe6 Bg5 28.
Qxf7+ Rxf7 29. Ne4 Be7 30. bxc5 bxc5 31. Rb7 Bf8 32.
Rxf7 Kxf7 33. Bd2 Nf6 34. Nxf6 Kxf6 35. Rb1 Ne7 36. Rb7 Nf5 37. Rxa7 Nd4 38. a4 Be7 39. a5 Bd8 40. a6 Nb3 41. Bc3 1-0